[ PARTIDA AOE2 · #459441999 ]
UnrankedMongoles vs Romans
[ ANÁLISIS DE REPETICIÓN · EXTRAÍDO DE LA PARTIDA GRABADA ]
Feudal
10:55
Castillos
18:14
Imperial
—
| APM promedio | 25.8 |
| APM pico | 55 |
| eAPM promedio | 18.0 |
| Aldeanos / militares | 115 / 33 |
Foco
⚔️ 14.6% · 🌾 85.4%
Spearman ×18 · Mangudai ×5 · Scout Cavalry ×5 · Knight ×4 · Battering Ram ×1
Feudal
9:53
Castillos
16:30
Imperial
33:05
| APM promedio | 27.6 |
| APM pico | 60 |
| eAPM promedio | 19.9 |
| Aldeanos / militares | 143 / 84 |
Foco
⚔️ 25.3% · 🌾 74.7%
Militia ×76 · Trebuchet (Packed) ×6 · Monk ×1 · Centurion ×1
Feudal
13:09
Castillos
17:10
Imperial
34:22
| APM promedio | 14.5 |
| APM pico | 52 |
| eAPM promedio | 7.7 |
| Aldeanos / militares | 98 / 33 |
Foco
⚔️ 21.7% · 🌾 78.3%
Boyar ×32 · Monk ×1
Feudal
14:36
Castillos
23:39
Imperial
—
| APM promedio | 18.2 |
| APM pico | 40 |
| eAPM promedio | 12.1 |
| Aldeanos / militares | 115 / 82 |
Foco
⚔️ 21.3% · 🌾 78.7%
Archer ×44 · Shotel Warrior ×25 · Spearman ×13
Feudal
13:14
Castillos
24:58
Imperial
—
| APM promedio | 8.9 |
| APM pico | 27 |
| eAPM promedio | 6.3 |
| Aldeanos / militares | 82 / 77 |
Foco
⚔️ 23.3% · 🌾 76.7%
Spearman ×39 · Knight ×38
Feudal
10:24
Castillos
27:21
Imperial
—
| APM promedio | 34.3 |
| APM pico | 94 |
| eAPM promedio | 13.6 |
| Aldeanos / militares | 63 / 27 |
Foco
⚔️ 22.6% · 🌾 77.4%
Mangudai ×14 · Archer ×7 · Mangonel ×6
Feudal
11:00
Castillos
25:11
Imperial
38:02
| APM promedio | 18.4 |
| APM pico | 107 |
| eAPM promedio | 11.2 |
| Aldeanos / militares | 100 / 95 |
Foco
⚔️ 34.5% · 🌾 65.5%
Knight ×65 · Scout Cavalry ×29 · Trebuchet (Packed) ×1
Feudal
12:21
Castillos
19:14
Imperial
—
| APM promedio | 31.7 |
| APM pico | 72 |
| eAPM promedio | 15.8 |
| Aldeanos / militares | 93 / 64 |
Foco
⚔️ 37.4% · 🌾 62.6%
Archer ×32 · Spearman ×27 · Shotel Warrior ×3 · Skirmisher ×2
Mapa de la partida
Recursos iniciales + cada clic de construcción. Líneas = muros · curvas = relieve. ◆ oro · ⬟ piedra · ● bayas · ✦ reliquia · ◌ hueco del cierre
Tu base· Abierta — hueco de 7t
Base de Ladrillo· ✓ Cerrada en 16:30 · 19t muro · 1 puerta(s)
Base de Baby Jesus· ✓ Cerrada en 17:10 · 12t muro · 1 puerta(s)
Base de wzd27· ✓ Cerrada en 23:39 · 36t muro · 3 puerta(s)
Base de 為了你我養了整座馬場· ✓ Cerrada en 24:58 · 3t muro · 2 puerta(s)
Base de Gunna· ✓ Cerrada en 27:21 · 43t muro · 2 puerta(s)
Base de Ñorda· ✓ Cerrada en 25:11 · 19t muro · 1 puerta(s)
Base de twohandboy· ✓ Cerrada en 19:14 · 14t muro · 4 puerta(s)
Terreno inicial suavizado · ◌ = hueco del cierre detectado · pasá el cursor para detalles
Inputs por minuto
— beck0662 - - Ladrillo
Build order — beck0662
Primeras 150 de 276 acciones detectadas
| 0:05 | Construir | House |
| 0:05 | Construir | House |
| 0:11 | Crear | Villager (Male) ×4 |
| 0:11 | Crear | Villager (Male) ×4 |
| 0:34 | Construir | House |
| 0:37 | Construir | House |
| 1:49 | Crear | Villager (Male) |
| 1:49 | Crear | Villager (Male) |
| 2:15 | Crear | Villager (Male) |
| 2:15 | Crear | Villager (Male) |
| 2:53 | Crear | Villager (Male) ×2 |
| 2:53 | Crear | Villager (Male) ×2 |
| 3:23 | Crear | Villager (Male) |
| 3:23 | Crear | Villager (Male) |
| 3:41 | Crear | Villager (Male) |
| 4:32 | Crear | Villager (Male) |
| 4:32 | Crear | Villager (Male) |
| 4:33 | Crear | Villager (Male) |
| 4:59 | Construir | Lumber Camp |
| 5:32 | Crear | Villager (Male) |
| 5:32 | Crear | Villager (Male) |
| 5:32 | Crear | Villager (Male) |
| 5:32 | Crear | Villager (Male) |
| 6:15 | Construir | Mill |
| 6:38 | Crear | Villager (Male) |
| 7:15 | Crear | Villager (Male) |
| 7:16 | Crear | Villager (Male) |
| 8:20 | Construir | House |
| 8:22 | Construir | House |
| 8:45 | Investigar | Feudal Age |
| 8:52 | Construir | Mining Camp |
| 9:39 | Investigar | Loom |
| 10:01 | Construir | Mining Camp |
| 10:14 | Construir | Farm |
| 10:15 | Construir | Farm |
| 10:15 | Construir | Farm |
| 10:15 | Construir | Farm |
| 10:16 | Construir | Farm |
| 10:16 | Construir | Farm |
| 10:16 | Construir | Farm |
| 10:17 | Construir | Farm |
| 10:17 | Construir | Farm |
| 10:17 | Construir | Farm |
| 10:18 | Construir | Farm |
| 10:18 | Construir | Farm |
| 10:18 | Construir | Farm |
| 10:18 | Construir | Farm |
| 10:43 | Construir | Farm |
| 10:55 | Edad | Edad Feudal |
| 11:23 | Crear | Villager (Male) |
| 11:59 | Construir | Blacksmith |
| 12:07 | Crear | Villager (Male) |
| 12:07 | Crear | Villager (Male) |
| 12:18 | Construir | Farm |
| 12:40 | Investigar | Double-Bit Axe |
| 12:59 | Crear | Villager (Male) |
| 13:00 | Crear | Villager (Male) |
| 13:14 | Construir | Farm |
| 13:39 | Crear | Villager (Male) |
| 14:01 | Construir | Barracks |
| 14:17 | Crear | Villager (Male) |
| 14:43 | Crear | Villager (Male) |
| 14:51 | Construir | Stable |
| 15:02 | Investigar | Town Watch |
| 15:34 | Investigar | Castle Age |
| 15:34 | Investigar | Castle Age |
| 15:38 | Crear | Scout Cavalry |
| 15:38 | Crear | Scout Cavalry |
| 15:47 | Crear | Scout Cavalry |
| 16:12 | Construir | Farm |
| 16:13 | Construir | Farm |
| 16:14 | Construir | Farm |
| 16:27 | Investigar | Gold Mining |
| 16:31 | Crear | Scout Cavalry |
| 16:54 | Crear | Scout Cavalry |
| 18:14 | Edad | Edad de los Castillos |
| 18:22 | Construir | Siege Workshop |
| 18:27 | Crear | Knight |
| 18:28 | Crear | Knight |
| 18:28 | Crear | Knight |
| 18:28 | Crear | Knight |
| 18:50 | Crear | Villager (Male) |
| 18:50 | Crear | Villager (Male) |
| 18:56 | Construir | Town Center |
| 19:43 | Crear | Spearman |
| 19:43 | Crear | Spearman |
| 19:43 | Crear | Spearman |
| 19:44 | Crear | Spearman |
| 19:54 | Construir | Stone Wall |
| 19:58 | Construir | Gate |
| 20:25 | Crear | Battering Ram |
| 20:45 | Crear | Villager (Male) ×4 |
| 20:53 | Construir | Farm |
| 20:54 | Construir | Farm |
| 20:54 | Construir | Farm |
| 20:54 | Construir | Farm |
| 20:54 | Construir | Farm |
| 20:55 | Construir | Farm |
| 20:55 | Construir | Farm |
| 20:56 | Construir | Farm |
| 20:56 | Construir | Farm |
| 20:57 | Construir | Farm |
| 20:58 | Construir | Farm |
| 22:38 | Crear | Villager (Male) |
| 22:38 | Crear | Villager (Male) |
| 22:39 | Crear | Villager (Male) |
| 22:39 | Crear | Villager (Male) |
| 23:28 | Crear | Villager (Male) |
| 23:28 | Crear | Villager (Male) |
| 23:28 | Crear | Villager (Male) |
| 23:28 | Crear | Villager (Male) |
| 23:56 | Construir | Farm |
| 23:56 | Construir | Farm |
| 24:24 | Construir | Town Center |
| 25:05 | Crear | Villager (Male) |
| 25:05 | Crear | Villager (Male) |
| 25:05 | Crear | Villager (Male) |
| 25:18 | Construir | Farm |
| 25:24 | Crear | Villager (Male) |
| 25:24 | Crear | Villager (Male) |
| 25:24 | Crear | Villager (Male) |
| 25:25 | Crear | Villager (Male) |
| 25:52 | Construir | Monastery |
| 26:25 | Investigar | Wheelbarrow |
| 27:03 | Crear | Villager (Male) |
| 27:04 | Crear | Villager (Male) |
| 27:05 | Crear | Villager (Male) |
| 27:06 | Crear | Villager (Male) |
| 27:06 | Crear | Villager (Male) |
| 28:00 | Construir | Farm |
| 28:00 | Construir | Farm |
| 28:01 | Construir | Farm |
| 28:01 | Construir | Farm |
| 28:01 | Construir | Farm |
| 28:01 | Construir | Farm |
| 28:02 | Construir | Farm |
| 28:02 | Construir | Farm |
| 28:02 | Construir | Farm |
| 28:03 | Construir | Farm |
| 28:16 | Construir | Farm |
| 28:38 | Crear | Villager (Male) ×5 |
| 28:38 | Crear | Villager (Male) ×5 |
| 28:53 | Construir | Farm |
| 28:53 | Construir | Farm |
| 28:53 | Construir | Farm |
| 28:53 | Construir | Farm |
| 28:54 | Construir | Farm |
| 28:54 | Construir | Farm |
| 28:54 | Construir | Farm |
| 28:54 | Construir | Farm |
Build order — Ladrillo
Primeras 150 de 423 acciones detectadas
| 0:01 | Crear | Villager (Male) |
| 0:01 | Crear | Villager (Male) |
| 0:02 | Crear | Villager (Male) |
| 0:03 | Construir | House |
| 0:07 | Construir | House |
| 0:57 | Crear | Villager (Male) |
| 0:58 | Crear | Villager (Male) |
| 1:34 | Crear | Villager (Male) |
| 2:04 | Crear | Villager (Male) |
| 2:04 | Crear | Villager (Male) |
| 2:30 | Crear | Villager (Male) |
| 2:51 | Crear | Villager (Male) |
| 2:52 | Crear | Villager (Male) |
| 3:00 | Construir | Lumber Camp |
| 3:07 | Construir | Lumber Camp |
| 3:22 | Crear | Villager (Male) |
| 3:49 | Crear | Villager (Male) |
| 3:50 | Crear | Villager (Male) |
| 4:14 | Construir | House |
| 4:18 | Investigar | Loom |
| 4:29 | Crear | Villager (Male) |
| 4:49 | Construir | House |
| 4:53 | Crear | Villager (Male) |
| 5:34 | Construir | House |
| 5:39 | Construir | Palisade Wall |
| 6:03 | Crear | Villager (Male) |
| 6:22 | Crear | Villager (Male) |
| 6:50 | Construir | Mill |
| 6:52 | Crear | Villager (Male) |
| 7:06 | Construir | Palisade Wall |
| 7:14 | Crear | Villager (Male) |
| 7:26 | Investigar | Feudal Age |
| 7:40 | Crear | Villager (Male) |
| 7:46 | Construir | Palisade Gate |
| 8:33 | Construir | House |
| 8:43 | Construir | Mill |
| 9:14 | Construir | Palisade Wall |
| 9:16 | Construir | Palisade Wall |
| 9:31 | Construir | Palisade Wall |
| 9:53 | Edad | Edad Feudal |
| 9:54 | Crear | Villager (Male) |
| 9:56 | Investigar | Double-Bit Axe |
| 10:12 | Investigar | Horse Collar |
| 10:18 | Construir | Farm |
| 10:36 | Construir | Farm |
| 11:11 | Crear | Villager (Male) |
| 11:12 | Crear | Villager (Male) |
| 11:31 | Construir | Blacksmith |
| 11:52 | Construir | Farm |
| 11:54 | Construir | Farm |
| 11:57 | Crear | Villager (Male) |
| 12:19 | Crear | Villager (Male) |
| 12:26 | Construir | Market |
| 12:41 | Construir | Farm |
| 13:10 | Construir | Mining Camp |
| 13:15 | Crear | Villager (Male) |
| 13:51 | Investigar | Castle Age |
| 13:51 | Investigar | Castle Age |
| 14:27 | Construir | Farm |
| 14:31 | Construir | Farm |
| 14:43 | Construir | Farm |
| 14:51 | Construir | Farm |
| 14:57 | Construir | Farm |
| 15:03 | Construir | Farm |
| 15:52 | Investigar | Wheelbarrow |
| 15:53 | Crear | Villager (Male) |
| 15:54 | Crear | Villager (Male) |
| 16:08 | Investigar | Wheelbarrow |
| 16:30 | Edad | Edad de los Castillos |
| 16:34 | Construir | Town Center |
| 16:42 | Crear | Villager (Male) |
| 16:42 | Crear | Villager (Male) |
| 16:53 | Investigar | Bow Saw |
| 17:08 | Investigar | Heavy Plow |
| 17:55 | Construir | Mill |
| 18:08 | Crear | Villager (Male) |
| 18:08 | Crear | Villager (Male) |
| 18:36 | Crear | Villager (Male) |
| 18:36 | Crear | Villager (Male) |
| 18:38 | Crear | Villager (Male) |
| 19:00 | Construir | Barracks |
| 19:08 | Crear | Villager (Male) |
| 19:08 | Crear | Villager (Male) |
| 19:14 | Construir | Mining Camp |
| 19:21 | Crear | Villager (Male) |
| 19:22 | Crear | Villager (Male) |
| 19:35 | Investigar | Scale Mail Armor |
| 19:39 | Investigar | Hand Cart |
| 19:45 | Crear | Villager (Male) |
| 19:46 | Crear | Villager (Male) |
| 20:00 | Crear | Militia |
| 20:00 | Crear | Militia |
| 20:17 | Construir | House |
| 20:20 | Crear | Villager (Male) |
| 20:21 | Crear | Villager (Male) |
| 20:32 | Construir | House |
| 20:33 | Construir | House |
| 20:38 | Construir | House |
| 20:39 | Construir | House |
| 20:41 | Construir | House |
| 20:47 | Construir | House |
| 20:50 | Crear | Villager (Male) |
| 20:50 | Crear | Villager (Male) |
| 21:04 | Crear | Militia |
| 21:21 | Construir | Farm |
| 21:21 | Construir | Farm |
| 21:21 | Construir | Farm |
| 21:21 | Construir | Farm |
| 21:22 | Construir | Farm |
| 21:23 | Construir | Farm |
| 21:28 | Construir | Farm |
| 21:28 | Construir | Farm |
| 21:28 | Construir | Farm |
| 21:39 | Crear | Villager (Male) |
| 21:39 | Crear | Villager (Male) |
| 21:40 | Crear | Villager (Male) |
| 21:40 | Crear | Villager (Male) |
| 21:53 | Crear | Villager (Male) |
| 21:53 | Crear | Villager (Male) |
| 22:01 | Crear | Villager (Male) |
| 22:02 | Crear | Villager (Male) |
| 22:10 | Crear | Militia |
| 22:11 | Crear | Militia |
| 22:15 | Crear | Villager (Male) |
| 22:15 | Crear | Villager (Male) |
| 22:30 | Construir | Town Center |
| 22:38 | Crear | Villager (Male) |
| 22:39 | Crear | Villager (Male) |
| 22:54 | Investigar | Man-at-Arms (upgrade) |
| 22:55 | Crear | Militia |
| 22:55 | Crear | Militia |
| 23:00 | Investigar | Pikeman (upgrade) |
| 23:11 | Investigar | Squires |
| 23:12 | Crear | Militia |
| 23:12 | Crear | Militia |
| 23:14 | Crear | Villager (Male) |
| 23:14 | Crear | Villager (Male) |
| 23:15 | Crear | Villager (Male) |
| 23:29 | Construir | Farm |
| 23:30 | Construir | Farm |
| 23:30 | Construir | Farm |
| 23:30 | Construir | Farm |
| 23:30 | Construir | Farm |
| 23:32 | Construir | Farm |
| 23:32 | Construir | Farm |
| 23:32 | Construir | Farm |
| 23:41 | Construir | House |
| 23:42 | Construir | House |
| 23:43 | Construir | House |
| 23:43 | Construir | House |
Build order — Baby Jesus
Primeras 150 de 172 acciones detectadas
| 0:02 | Construir | House |
| 0:03 | Crear | Villager (Male) |
| 0:03 | Crear | Villager (Male) |
| 0:04 | Construir | House |
| 0:28 | Crear | Villager (Male) |
| 0:29 | Crear | Villager (Male) |
| 1:31 | Crear | Villager (Male) |
| 1:54 | Crear | Villager (Male) |
| 2:51 | Crear | Villager (Male) |
| 2:52 | Crear | Villager (Male) |
| 3:00 | Construir | Lumber Camp |
| 3:28 | Crear | Villager (Male) |
| 3:29 | Crear | Villager (Male) |
| 4:40 | Crear | Villager (Male) |
| 4:56 | Crear | Villager (Male) |
| 4:57 | Crear | Villager (Male) |
| 5:42 | Construir | House |
| 6:01 | Investigar | Loom |
| 6:21 | Crear | Villager (Male) |
| 6:50 | Crear | Villager (Male) |
| 6:51 | Crear | Villager (Male) |
| 6:55 | Construir | House |
| 7:23 | Crear | Villager (Male) |
| 7:33 | Construir | Mill |
| 7:36 | Crear | Villager (Male) |
| 8:31 | Crear | Villager (Male) |
| 9:19 | Crear | Villager (Male) |
| 9:19 | Crear | Villager (Male) |
| 9:59 | Crear | Villager (Male) |
| 10:14 | Construir | Mining Camp |
| 10:17 | Crear | Villager (Male) |
| 10:39 | Investigar | Feudal Age |
| 11:39 | Construir | Mining Camp |
| 11:56 | Crear | Villager (Male) |
| 12:05 | Construir | Farm |
| 12:09 | Construir | Farm |
| 12:12 | Construir | Farm |
| 13:09 | Edad | Edad Feudal |
| 13:13 | Construir | House |
| 13:22 | Construir | Blacksmith |
| 13:32 | Construir | Market |
| 13:51 | Investigar | Double-Bit Axe |
| 13:55 | Investigar | Horse Collar |
| 14:17 | Construir | Farm |
| 14:21 | Investigar | Horse Collar |
| 14:30 | Investigar | Castle Age |
| 14:52 | Construir | Stone Wall |
| 15:00 | Construir | Gate |
| 15:37 | Crear | Villager (Male) |
| 15:38 | Crear | Villager (Male) |
| 16:30 | Construir | House |
| 16:38 | Construir | House |
| 16:58 | Investigar | Wheelbarrow |
| 17:10 | Edad | Edad de los Castillos |
| 17:20 | Construir | Town Center |
| 17:30 | Construir | Town Center |
| 18:07 | Construir | Farm |
| 18:28 | Crear | Villager (Male) |
| 18:28 | Crear | Villager (Male) |
| 18:56 | Construir | House |
| 19:18 | Crear | Villager (Male) ×5 |
| 19:18 | Crear | Villager (Male) ×5 |
| 19:25 | Construir | Monastery |
| 19:39 | Construir | Farm |
| 20:16 | Crear | Villager (Male) ×2 |
| 20:21 | Construir | Mill |
| 21:07 | Construir | Farm |
| 21:09 | Construir | Farm |
| 21:18 | Crear | Villager (Male) ×4 |
| 21:28 | Construir | Farm |
| 21:31 | Construir | Farm |
| 21:36 | Construir | Farm |
| 21:40 | Construir | Farm |
| 21:45 | Crear | Villager (Male) |
| 21:56 | Construir | Farm |
| 22:08 | Construir | Farm |
| 22:13 | Construir | Farm |
| 22:20 | Crear | Monk |
| 22:57 | Investigar | Hand Cart |
| 22:59 | Crear | Villager (Male) |
| 23:04 | Construir | Farm |
| 23:30 | Investigar | Bow Saw |
| 23:46 | Construir | Lumber Camp |
| 24:00 | Crear | Villager (Male) ×4 |
| 24:00 | Crear | Villager (Male) ×4 |
| 24:12 | Construir | House |
| 24:17 | Construir | House |
| 24:27 | Construir | Gate |
| 24:37 | Construir | Farm |
| 24:42 | Investigar | Heavy Plow |
| 25:02 | Construir | Castle |
| 26:04 | Construir | Farm |
| 26:06 | Crear | Villager (Male) ×5 |
| 26:06 | Crear | Villager (Male) ×5 |
| 27:02 | Investigar | Tech 455 |
| 27:26 | Construir | Mining Camp |
| 27:31 | Investigar | Gold Mining |
| 27:33 | Investigar | Stone Mining |
| 27:37 | Investigar | Forging |
| 27:38 | Investigar | Scale Mail Armor |
| 27:39 | Investigar | Fletching |
| 27:40 | Investigar | Scale Barding Armor |
| 27:40 | Investigar | Padded Archer Armor |
| 27:44 | Crear | Villager (Male) ×5 |
| 28:29 | Crear | Villager (Male) ×5 |
| 28:35 | Crear | Villager (Male) ×5 |
| 28:56 | Construir | House |
| 28:59 | Construir | House |
| 29:12 | Construir | House |
| 29:12 | Construir | House |
| 29:15 | Construir | House |
| 29:16 | Construir | House |
| 29:18 | Construir | House |
| 29:19 | Construir | House |
| 29:24 | Construir | House |
| 29:27 | Construir | House |
| 29:29 | Construir | House |
| 29:31 | Construir | House |
| 29:32 | Construir | House |
| 29:34 | Construir | House |
| 29:35 | Construir | House |
| 29:39 | Crear | Villager (Male) ×5 |
| 29:51 | Construir | Mill |
| 29:54 | Construir | Farm |
| 29:54 | Construir | Farm |
| 29:55 | Construir | Farm |
| 29:55 | Construir | Farm |
| 29:55 | Construir | Farm |
| 30:01 | Construir | Farm |
| 30:17 | Construir | Farm |
| 31:03 | Construir | Barracks |
| 31:12 | Investigar | Imperial Age |
| 31:17 | Construir | Farm |
| 31:31 | Crear | Villager (Male) ×5 |
| 31:37 | Crear | Villager (Male) ×5 |
| 31:48 | Investigar | Gold Shaft Mining |
| 32:10 | Construir | Mining Camp |
| 32:20 | Construir | Castle |
| 32:36 | Investigar | Iron Casting |
| 32:38 | Investigar | Bodkin Arrow |
| 32:39 | Investigar | Iron Casting |
| 32:39 | Investigar | Chain Mail Armor |
| 33:36 | Construir | Castle |
| 34:12 | Crear | Boyar ×5 |
| 34:12 | Crear | Boyar ×5 |
| 34:12 | Crear | Boyar ×5 |
| 34:13 | Crear | Boyar ×3 |
| 34:22 | Edad | Edad Imperial |
| 34:39 | Construir | Mining Camp |
| 35:00 | Construir | Castle |
Build order — wzd27
Primeras 150 de 221 acciones detectadas
| 0:09 | Construir | House |
| 0:11 | Construir | House |
| 0:13 | Crear | Villager (Male) ×4 |
| 0:13 | Crear | Villager (Male) ×4 |
| 0:19 | Construir | House |
| 1:44 | Crear | Villager (Male) |
| 1:44 | Crear | Villager (Male) |
| 2:01 | Investigar | Loom |
| 2:13 | Crear | Villager (Male) |
| 2:13 | Crear | Villager (Male) |
| 2:43 | Crear | Villager (Male) |
| 2:44 | Crear | Villager (Male) |
| 2:44 | Crear | Villager (Male) |
| 3:10 | Crear | Villager (Male) |
| 3:11 | Crear | Villager (Male) |
| 3:41 | Crear | Villager (Male) |
| 3:41 | Crear | Villager (Male) |
| 3:54 | Construir | House |
| 4:09 | Construir | House |
| 4:11 | Construir | House |
| 4:23 | Construir | Palisade Wall |
| 4:32 | Construir | Palisade Wall |
| 4:36 | Construir | Palisade Gate |
| 4:50 | Crear | Villager (Male) ×3 |
| 5:14 | Construir | Lumber Camp |
| 5:19 | Crear | Villager (Male) |
| 5:20 | Crear | Villager (Male) |
| 5:44 | Crear | Villager (Male) |
| 5:45 | Crear | Villager (Male) |
| 5:59 | Construir | House |
| 6:00 | Construir | House |
| 6:01 | Construir | House |
| 6:12 | Crear | Villager (Male) |
| 6:12 | Crear | Villager (Male) |
| 6:52 | Crear | Villager (Male) |
| 7:14 | Construir | House |
| 7:19 | Construir | House |
| 7:32 | Construir | Mill |
| 7:36 | Crear | Villager (Male) |
| 7:36 | Crear | Villager (Male) |
| 8:12 | Construir | Mill |
| 8:16 | Crear | Villager (Male) |
| 8:16 | Crear | Villager (Male) |
| 8:34 | Construir | Barracks |
| 8:49 | Crear | Villager (Male) |
| 9:12 | Construir | House |
| 9:34 | Crear | Villager (Male) |
| 9:51 | Construir | House |
| 9:56 | Construir | House |
| 9:58 | Construir | House |
| 9:59 | Construir | House |
| 10:00 | Construir | House |
| 10:01 | Construir | House |
| 10:07 | Crear | Villager (Male) |
| 10:58 | Crear | Villager (Male) |
| 11:08 | Construir | Mining Camp |
| 11:28 | Crear | Villager (Male) |
| 11:54 | Construir | Mining Camp |
| 12:01 | Crear | Villager (Male) |
| 12:20 | Investigar | Feudal Age |
| 12:58 | Construir | Mill |
| 13:05 | Crear | Villager (Male) |
| 13:06 | Crear | Villager (Male) |
| 13:06 | Crear | Villager (Male) |
| 13:35 | Crear | Villager (Male) |
| 13:36 | Crear | Villager (Male) |
| 13:45 | Construir | House |
| 13:46 | Construir | House |
| 13:55 | Crear | Villager (Male) |
| 14:36 | Edad | Edad Feudal |
| 14:38 | Investigar | Gold Mining |
| 14:41 | Investigar | Horse Collar |
| 14:55 | Investigar | Double-Bit Axe |
| 15:07 | Construir | Archery Range |
| 15:17 | Construir | Stone Wall |
| 15:22 | Construir | Stone Wall |
| 15:28 | Construir | Gate |
| 15:48 | Construir | Farm |
| 15:50 | Construir | Farm |
| 15:53 | Construir | Farm |
| 15:55 | Construir | Farm |
| 15:58 | Construir | Farm |
| 16:01 | Construir | Farm |
| 16:03 | Construir | Farm |
| 16:06 | Construir | Farm |
| 16:08 | Crear | Villager (Male) |
| 16:09 | Crear | Villager (Male) |
| 16:20 | Investigar | Stone Mining |
| 16:24 | Crear | Archer |
| 16:29 | Crear | Archer |
| 16:30 | Crear | Archer |
| 17:04 | Construir | Farm |
| 17:08 | Construir | Farm |
| 17:21 | Construir | Farm |
| 17:27 | Crear | Villager (Male) |
| 17:43 | Construir | Farm |
| 17:48 | Construir | Farm |
| 17:56 | Construir | Farm |
| 18:02 | Construir | Farm |
| 18:04 | Crear | Villager (Male) |
| 18:04 | Crear | Villager (Male) |
| 18:24 | Construir | Farm |
| 18:30 | Crear | Villager (Male) |
| 18:33 | Crear | Archer ×5 |
| 18:50 | Construir | Farm |
| 19:31 | Crear | Villager (Male) |
| 19:46 | Construir | Blacksmith |
| 19:55 | Crear | Villager (Male) |
| 20:04 | Construir | Farm |
| 20:32 | Crear | Villager (Male) |
| 20:56 | Construir | Archery Range |
| 20:59 | Investigar | Castle Age |
| 21:19 | Crear | Spearman |
| 21:19 | Crear | Spearman |
| 21:20 | Crear | Spearman |
| 22:50 | Construir | Stone Wall |
| 22:53 | Construir | Stone Wall |
| 22:57 | Construir | Gate |
| 23:00 | Construir | Gate |
| 23:24 | Crear | Archer ×4 |
| 23:29 | Investigar | Forging |
| 23:30 | Investigar | Padded Archer Armor |
| 23:33 | Investigar | Scale Mail Armor |
| 23:39 | Edad | Edad de los Castillos |
| 23:40 | Crear | Villager (Male) |
| 23:40 | Crear | Villager (Male) |
| 23:40 | Crear | Villager (Male) |
| 23:41 | Crear | Villager (Male) |
| 23:43 | Investigar | Heavy Plow |
| 23:46 | Investigar | Bow Saw |
| 23:49 | Investigar | Gold Shaft Mining |
| 23:53 | Investigar | Stone Shaft Mining |
| 24:10 | Construir | Castle |
| 24:26 | Construir | Town Center |
| 24:38 | Crear | Villager (Male) |
| 24:38 | Crear | Villager (Male) |
| 24:50 | Investigar | Crossbowman (upgrade) |
| 24:55 | Investigar | Thumb Ring |
| 24:56 | Crear | Archer |
| 24:56 | Crear | Archer |
| 25:35 | Construir | Stone Wall |
| 25:42 | Investigar | Fletching |
| 25:45 | Crear | Villager (Male) |
| 25:45 | Crear | Villager (Male) |
| 26:55 | Crear | Shotel Warrior ×5 |
| 26:55 | Crear | Shotel Warrior ×5 |
| 27:32 | Construir | Mining Camp |
| 27:40 | Construir | Town Center |
| 27:56 | Construir | Town Center |
| 28:03 | Crear | Villager (Male) ×5 |
Build order — 為了你我養了整座馬場
127 acciones detectadas en el replay
| 0:02 | Crear | Villager (Male) ×4 |
| 0:02 | Crear | Villager (Male) ×4 |
| 0:12 | Construir | House |
| 0:13 | Construir | House |
| 0:58 | Construir | House |
| 1:38 | Construir | Lumber Camp |
| 1:41 | Crear | Villager (Male) |
| 2:11 | Crear | Villager (Male) |
| 2:47 | Crear | Villager (Male) |
| 3:14 | Crear | Villager (Male) ×2 |
| 3:56 | Crear | Villager (Male) |
| 4:06 | Crear | Villager (Male) |
| 4:25 | Crear | Villager (Male) |
| 4:33 | Crear | Villager (Male) |
| 5:20 | Crear | Villager (Male) |
| 5:20 | Crear | Villager (Male) ×2 |
| 6:34 | Construir | Mill |
| 7:40 | Crear | Villager (Male) ×5 |
| 9:06 | Construir | Mining Camp |
| 9:50 | Crear | Villager (Male) ×5 |
| 10:11 | Construir | Lumber Camp |
| 10:31 | Construir | House |
| 10:34 | Construir | House |
| 10:35 | Construir | House |
| 11:00 | Investigar | Feudal Age |
| 11:08 | Investigar | Loom |
| 11:09 | Crear | Villager (Male) ×5 |
| 11:32 | Construir | Barracks |
| 12:34 | Construir | Farm |
| 12:34 | Construir | Farm |
| 12:34 | Construir | Farm |
| 12:35 | Construir | Farm |
| 12:36 | Construir | Farm |
| 12:37 | Construir | Farm |
| 13:14 | Edad | Edad Feudal |
| 14:03 | Construir | Gate |
| 14:13 | Construir | Stone Wall |
| 14:27 | Construir | House |
| 14:33 | Construir | House |
| 14:35 | Construir | House |
| 14:36 | Construir | House |
| 14:54 | Construir | Lumber Camp |
| 15:06 | Crear | Villager (Male) ×5 |
| 15:08 | Crear | Villager (Male) ×5 |
| 15:46 | Construir | Blacksmith |
| 16:10 | Construir | Mining Camp |
| 16:36 | Crear | Spearman ×5 |
| 16:37 | Crear | Spearman ×5 |
| 17:01 | Construir | Gate |
| 17:16 | Construir | House |
| 17:18 | Construir | House |
| 17:50 | Construir | Farm |
| 17:51 | Construir | Farm |
| 17:52 | Construir | Farm |
| 18:01 | Investigar | Double-Bit Axe |
| 18:06 | Investigar | Horse Collar |
| 18:57 | Construir | Mill |
| 19:01 | Construir | Farm |
| 19:01 | Construir | Farm |
| 19:01 | Construir | Farm |
| 19:02 | Construir | Farm |
| 19:03 | Construir | Farm |
| 19:04 | Construir | Farm |
| 19:05 | Construir | Farm |
| 19:06 | Construir | Farm |
| 19:31 | Construir | House |
| 19:33 | Construir | House |
| 20:03 | Construir | Market |
| 20:13 | Crear | Villager (Male) ×5 |
| 20:40 | Construir | Mining Camp |
| 20:49 | Construir | Mining Camp |
| 21:42 | Construir | Stable |
| 21:49 | Construir | Stable |
| 22:07 | Investigar | Castle Age |
| 22:10 | Crear | Villager (Male) ×4 |
| 22:22 | Investigar | Scale Mail Armor |
| 23:18 | Crear | Spearman ×5 |
| 23:18 | Crear | Spearman ×5 |
| 23:47 | Construir | Mill |
| 23:52 | Construir | Farm |
| 23:52 | Construir | Farm |
| 23:53 | Construir | Farm |
| 23:53 | Construir | Farm |
| 23:53 | Construir | Farm |
| 23:54 | Construir | Farm |
| 23:55 | Construir | Farm |
| 24:36 | Construir | House |
| 24:38 | Construir | House |
| 24:42 | Construir | House |
| 24:58 | Edad | Edad de los Castillos |
| 25:15 | Construir | Castle |
| 25:24 | Investigar | Bloodlines |
| 25:29 | Crear | Knight ×5 |
| 25:29 | Crear | Knight ×5 |
| 25:53 | Construir | Town Center |
| 26:01 | Crear | Villager (Male) ×5 |
| 26:26 | Investigar | Husbandry |
| 27:42 | Construir | Castle |
| 28:27 | Crear | Knight ×5 |
| 28:27 | Crear | Knight ×5 |
| 28:27 | Crear | Knight ×5 |
| 28:28 | Crear | Knight |
| 28:32 | Crear | Spearman ×5 |
| 28:32 | Crear | Spearman ×5 |
| 28:33 | Crear | Spearman ×5 |
| 28:33 | Crear | Spearman ×4 |
| 30:16 | Construir | Castle |
| 30:38 | Construir | Castle |
| 30:47 | Investigar | Pikeman (upgrade) |
| 30:56 | Crear | Villager (Male) ×5 |
| 31:02 | Crear | Villager (Male) ×5 |
| 31:13 | Construir | Stable |
| 31:16 | Construir | Stable |
| 31:27 | Crear | Villager (Male) ×5 |
| 31:59 | Investigar | Padded Archer Armor |
| 32:25 | Construir | Stone Wall |
| 33:03 | Construir | Stone Wall |
| 33:29 | Construir | Stone Wall |
| 33:51 | Crear | Knight ×4 |
| 33:51 | Crear | Knight ×4 |
| 34:35 | Crear | Knight ×2 |
| 34:35 | Crear | Knight ×2 |
| 36:03 | Construir | Town Center |
| 36:19 | Crear | Villager (Male) ×3 |
| 36:51 | Construir | Lumber Camp |
| 37:41 | Construir | Gate |
| 38:06 | Crear | Villager (Male) ×5 |
Build order — Gunna
Primeras 150 de 159 acciones detectadas
| 0:03 | Construir | House |
| 0:04 | Construir | House |
| 0:06 | Crear | Villager (Male) |
| 0:06 | Crear | Villager (Male) |
| 0:06 | Crear | Villager (Male) |
| 0:29 | Crear | Villager (Male) |
| 0:29 | Crear | Villager (Male) |
| 0:30 | Crear | Villager (Male) |
| 1:26 | Construir | Lumber Camp |
| 1:30 | Crear | Villager (Male) |
| 1:30 | Crear | Villager (Male) |
| 1:31 | Crear | Villager (Male) |
| 2:22 | Crear | Villager (Male) |
| 2:22 | Crear | Villager (Male) |
| 2:23 | Crear | Villager (Male) |
| 2:48 | Crear | Villager (Male) |
| 2:48 | Crear | Villager (Male) |
| 2:48 | Crear | Villager (Male) |
| 2:48 | Crear | Villager (Male) |
| 2:58 | Construir | House |
| 3:25 | Crear | Villager (Male) |
| 3:25 | Crear | Villager (Male) |
| 3:41 | Construir | House |
| 3:56 | Crear | Villager (Male) |
| 4:24 | Crear | Villager (Male) |
| 4:24 | Crear | Villager (Male) |
| 5:15 | Crear | Villager (Male) |
| 5:16 | Crear | Villager (Male) |
| 5:34 | Construir | Mill |
| 6:08 | Crear | Villager (Male) |
| 6:09 | Crear | Villager (Male) |
| 6:13 | Investigar | Loom |
| 6:44 | Crear | Villager (Male) |
| 7:31 | Crear | Villager (Male) |
| 7:38 | Construir | House |
| 7:42 | Construir | Palisade Wall |
| 7:45 | Construir | Palisade Gate |
| 8:14 | Investigar | Feudal Age |
| 8:57 | Crear | Villager (Male) |
| 10:14 | Construir | House |
| 10:24 | Edad | Edad Feudal |
| 10:31 | Construir | Barracks |
| 10:55 | Crear | Villager (Male) |
| 11:14 | Construir | Mining Camp |
| 11:29 | Construir | Watch Tower |
| 11:39 | Crear | Villager (Male) |
| 11:40 | Crear | Villager (Male) |
| 12:19 | Construir | Archery Range |
| 13:01 | Crear | Villager (Male) |
| 13:01 | Crear | Villager (Male) |
| 13:07 | Crear | Archer |
| 13:07 | Crear | Archer |
| 13:07 | Crear | Archer |
| 13:53 | Crear | Villager (Male) |
| 14:02 | Construir | Mining Camp |
| 14:04 | Crear | Villager (Male) |
| 14:04 | Crear | Villager (Male) |
| 15:07 | Crear | Archer |
| 15:07 | Crear | Archer |
| 15:13 | Construir | Blacksmith |
| 15:34 | Crear | Archer |
| 15:35 | Crear | Archer |
| 15:57 | Construir | Watch Tower |
| 16:39 | Crear | Villager (Male) |
| 16:39 | Crear | Villager (Male) |
| 16:44 | Construir | House |
| 17:11 | Construir | Watch Tower |
| 17:59 | Construir | Palisade Wall |
| 18:04 | Construir | Palisade Wall |
| 18:43 | Construir | Watch Tower |
| 18:56 | Construir | House |
| 18:59 | Construir | House |
| 19:04 | Construir | House |
| 20:27 | Construir | House |
| 21:23 | Construir | Stone Wall |
| 22:23 | Construir | Market |
| 22:44 | Construir | Farm |
| 22:45 | Construir | Farm |
| 22:47 | Construir | Farm |
| 22:48 | Construir | Farm |
| 22:49 | Construir | Farm |
| 23:02 | Construir | Palisade Wall |
| 23:15 | Construir | Palisade Wall |
| 23:31 | Construir | Palisade Wall |
| 23:42 | Construir | Farm |
| 23:46 | Construir | Farm |
| 23:47 | Construir | Farm |
| 24:41 | Investigar | Castle Age |
| 24:52 | Construir | Stone Wall |
| 24:57 | Construir | Gate |
| 25:36 | Crear | Villager (Male) |
| 25:36 | Crear | Villager (Male) |
| 25:53 | Investigar | Double-Bit Axe |
| 26:01 | Construir | Farm |
| 26:07 | Construir | Farm |
| 26:47 | Construir | Stone Wall |
| 26:53 | Construir | Stone Wall |
| 27:21 | Edad | Edad de los Castillos |
| 27:23 | Construir | Siege Workshop |
| 27:50 | Crear | Mangonel |
| 27:51 | Crear | Mangonel |
| 28:04 | Construir | Castle |
| 28:27 | Crear | Villager (Male) |
| 28:27 | Crear | Villager (Male) |
| 28:32 | Crear | Villager (Male) |
| 28:33 | Crear | Villager (Male) |
| 28:57 | Crear | Villager (Male) |
| 28:57 | Crear | Villager (Male) |
| 29:07 | Construir | Town Center |
| 29:13 | Construir | Mill |
| 29:19 | Crear | Villager (Male) |
| 29:19 | Crear | Villager (Male) |
| 29:43 | Crear | Villager (Male) |
| 30:18 | Crear | Villager (Male) |
| 30:19 | Crear | Villager (Male) |
| 30:27 | Construir | Farm |
| 30:28 | Construir | Farm |
| 30:29 | Construir | Farm |
| 30:35 | Construir | Farm |
| 30:43 | Crear | Villager (Male) |
| 31:14 | Construir | Palisade Gate |
| 31:17 | Crear | Villager (Male) |
| 31:18 | Crear | Villager (Male) |
| 31:53 | Crear | Mangudai |
| 32:11 | Crear | Mangudai |
| 32:21 | Crear | Villager (Male) |
| 32:21 | Crear | Villager (Male) |
| 32:23 | Crear | Villager (Male) |
| 32:24 | Crear | Villager (Male) |
| 32:27 | Construir | Farm |
| 32:32 | Construir | Farm |
| 32:49 | Crear | Villager (Male) |
| 32:51 | Crear | Villager (Male) |
| 32:57 | Investigar | Horse Collar |
| 33:04 | Investigar | Fletching |
| 34:22 | Crear | Mangudai |
| 34:22 | Crear | Mangudai |
| 34:22 | Crear | Mangudai |
| 35:06 | Crear | Mangudai |
| 35:06 | Crear | Mangudai |
| 35:07 | Crear | Mangudai |
| 36:30 | Crear | Mangudai |
| 36:30 | Crear | Mangudai |
| 36:37 | Crear | Mangonel |
| 36:37 | Crear | Mangonel |
| 36:43 | Construir | Town Center |
| 36:48 | Crear | Villager (Male) |
| 36:48 | Crear | Villager (Male) |
| 37:04 | Crear | Mangudai |
| 37:15 | Investigar | Bodkin Arrow |
Build order — Ñorda
Primeras 150 de 249 acciones detectadas
| 0:12 | Construir | House |
| 0:13 | Crear | Villager (Male) |
| 0:13 | Crear | Villager (Male) |
| 0:13 | Crear | Villager (Male) |
| 0:14 | Crear | Villager (Male) |
| 0:14 | Crear | Villager (Male) |
| 0:30 | Construir | House |
| 0:31 | Construir | House |
| 0:32 | Construir | House |
| 1:44 | Crear | Villager (Male) |
| 1:44 | Crear | Villager (Male) |
| 2:15 | Construir | Palisade Wall |
| 2:19 | Crear | Villager (Male) |
| 2:19 | Crear | Villager (Male) |
| 2:43 | Crear | Villager (Male) |
| 2:44 | Crear | Villager (Male) |
| 3:11 | Crear | Villager (Male) |
| 3:11 | Crear | Villager (Male) |
| 3:13 | Crear | Villager (Male) |
| 3:35 | Crear | Villager (Male) |
| 4:24 | Crear | Villager (Male) |
| 4:24 | Crear | Villager (Male) |
| 4:24 | Crear | Villager (Male) |
| 4:25 | Crear | Villager (Male) |
| 4:50 | Crear | Villager (Male) |
| 4:50 | Crear | Villager (Male) |
| 4:50 | Crear | Villager (Male) |
| 5:15 | Crear | Villager (Male) |
| 5:15 | Crear | Villager (Male) |
| 5:15 | Crear | Villager (Male) |
| 5:16 | Crear | Villager (Male) |
| 6:29 | Construir | Lumber Camp |
| 6:35 | Crear | Villager (Male) |
| 6:36 | Crear | Villager (Male) |
| 6:36 | Crear | Villager (Male) |
| 6:36 | Crear | Villager (Male) |
| 6:36 | Crear | Villager (Male) |
| 8:16 | Construir | Mill |
| 8:50 | Investigar | Feudal Age |
| 8:53 | Investigar | Loom |
| 9:53 | Construir | Farm |
| 9:54 | Construir | Farm |
| 9:56 | Construir | Farm |
| 11:00 | Edad | Edad Feudal |
| 11:14 | Crear | Villager (Male) |
| 11:14 | Crear | Villager (Male) |
| 11:15 | Crear | Villager (Male) |
| 11:15 | Crear | Villager (Male) |
| 11:15 | Crear | Villager (Male) |
| 11:15 | Crear | Villager (Male) |
| 11:47 | Construir | Barracks |
| 12:05 | Construir | House |
| 12:06 | Construir | House |
| 12:24 | Investigar | Double-Bit Axe |
| 12:50 | Construir | House |
| 13:02 | Crear | Villager (Male) |
| 13:02 | Crear | Villager (Male) |
| 13:02 | Crear | Villager (Male) |
| 13:02 | Crear | Villager (Male) |
| 13:02 | Crear | Villager (Male) |
| 13:03 | Crear | Villager (Male) |
| 13:03 | Crear | Villager (Male) |
| 13:03 | Crear | Villager (Male) |
| 13:29 | Construir | Gate |
| 13:45 | Construir | Stone Wall |
| 13:58 | Construir | Stable |
| 14:18 | Construir | Farm |
| 14:19 | Construir | Farm |
| 14:21 | Construir | Farm |
| 15:07 | Construir | Stable |
| 15:09 | Crear | Scout Cavalry |
| 15:10 | Crear | Scout Cavalry |
| 15:10 | Crear | Scout Cavalry |
| 15:10 | Crear | Scout Cavalry |
| 15:10 | Crear | Scout Cavalry |
| 15:10 | Crear | Scout Cavalry |
| 15:11 | Crear | Scout Cavalry |
| 15:11 | Crear | Scout Cavalry |
| 15:11 | Crear | Scout Cavalry |
| 15:11 | Crear | Scout Cavalry |
| 15:12 | Crear | Scout Cavalry |
| 15:12 | Crear | Scout Cavalry |
| 15:32 | Construir | Farm |
| 15:33 | Construir | Farm |
| 15:35 | Construir | Farm |
| 16:01 | Construir | Farm |
| 16:01 | Construir | Farm |
| 16:03 | Construir | Farm |
| 16:17 | Construir | House |
| 16:18 | Construir | House |
| 16:29 | Investigar | Wheelbarrow |
| 16:35 | Crear | Villager (Male) |
| 16:35 | Crear | Villager (Male) |
| 16:36 | Crear | Villager (Male) |
| 16:36 | Crear | Villager (Male) |
| 16:36 | Crear | Villager (Male) |
| 17:07 | Crear | Scout Cavalry |
| 17:07 | Crear | Scout Cavalry |
| 17:07 | Crear | Scout Cavalry |
| 17:07 | Crear | Scout Cavalry |
| 17:07 | Crear | Scout Cavalry |
| 17:08 | Crear | Scout Cavalry |
| 17:08 | Crear | Scout Cavalry |
| 17:08 | Crear | Scout Cavalry |
| 17:22 | Construir | Stable |
| 17:41 | Construir | Blacksmith |
| 17:50 | Crear | Scout Cavalry |
| 17:53 | Crear | Scout Cavalry |
| 17:54 | Crear | Scout Cavalry |
| 18:12 | Crear | Scout Cavalry |
| 18:12 | Crear | Scout Cavalry |
| 18:12 | Crear | Scout Cavalry |
| 18:13 | Crear | Scout Cavalry |
| 18:13 | Crear | Scout Cavalry |
| 18:13 | Crear | Scout Cavalry |
| 18:43 | Construir | House |
| 18:44 | Construir | House |
| 18:46 | Construir | House |
| 18:49 | Investigar | Forging |
| 19:15 | Construir | Farm |
| 19:39 | Construir | Mining Camp |
| 19:47 | Construir | Farm |
| 19:48 | Construir | Farm |
| 19:49 | Construir | Farm |
| 19:50 | Construir | Farm |
| 19:51 | Construir | Farm |
| 19:53 | Construir | Farm |
| 19:54 | Construir | Farm |
| 20:57 | Investigar | Scale Barding Armor |
| 21:02 | Construir | House |
| 21:03 | Construir | House |
| 21:04 | Construir | House |
| 22:31 | Investigar | Castle Age |
| 25:11 | Edad | Edad de los Castillos |
| 25:52 | Construir | Stable |
| 25:53 | Construir | Stable |
| 25:55 | Construir | Stable |
| 25:58 | Investigar | Husbandry |
| 25:59 | Crear | Knight |
| 26:00 | Crear | Knight |
| 26:00 | Crear | Knight |
| 26:00 | Crear | Knight |
| 26:00 | Crear | Knight |
| 26:01 | Crear | Knight |
| 26:01 | Crear | Knight |
| 26:01 | Crear | Knight |
| 26:01 | Crear | Knight |
| 26:01 | Crear | Knight |
| 26:02 | Crear | Knight |
| 26:02 | Crear | Knight |
Build order — twohandboy
Primeras 150 de 227 acciones detectadas
| 0:02 | Crear | Villager (Male) |
| 0:02 | Crear | Villager (Male) |
| 0:03 | Crear | Villager (Male) |
| 0:04 | Construir | House |
| 0:06 | Construir | House |
| 0:35 | Crear | Villager (Male) |
| 1:39 | Crear | Villager (Male) |
| 1:51 | Crear | Villager (Male) |
| 1:51 | Crear | Villager (Male) |
| 2:37 | Crear | Villager (Male) |
| 2:38 | Crear | Villager (Male) |
| 2:38 | Crear | Villager (Male) |
| 2:57 | Crear | Villager (Male) |
| 2:57 | Crear | Villager (Male) |
| 3:37 | Construir | House |
| 3:41 | Construir | Lumber Camp |
| 3:59 | Crear | Villager (Male) |
| 3:59 | Crear | Villager (Male) |
| 3:59 | Crear | Villager (Male) |
| 4:00 | Crear | Villager (Male) |
| 4:14 | Investigar | Loom |
| 4:54 | Crear | Villager (Male) |
| 4:55 | Crear | Villager (Male) |
| 4:55 | Crear | Villager (Male) |
| 4:55 | Crear | Villager (Male) |
| 5:16 | Investigar | Loom |
| 5:17 | Crear | Villager (Male) |
| 5:18 | Crear | Villager (Male) |
| 5:50 | Construir | Palisade Gate |
| 5:53 | Construir | Palisade Gate |
| 5:56 | Construir | Palisade Wall |
| 6:29 | Crear | Villager (Male) |
| 6:30 | Crear | Villager (Male) |
| 6:30 | Crear | Villager (Male) |
| 6:33 | Construir | Mill |
| 7:13 | Crear | Villager (Male) |
| 7:20 | Crear | Villager (Male) |
| 7:24 | Construir | House |
| 7:27 | Construir | Lumber Camp |
| 8:01 | Crear | Villager (Male) |
| 8:19 | Crear | Villager (Male) |
| 9:33 | Construir | Mining Camp |
| 10:01 | Investigar | Feudal Age |
| 10:06 | Construir | House |
| 10:11 | Construir | House |
| 10:13 | Construir | House |
| 10:19 | Construir | House |
| 10:35 | Construir | Mill |
| 10:57 | Crear | Villager (Male) |
| 10:57 | Crear | Villager (Male) |
| 12:01 | Construir | Barracks |
| 12:08 | Crear | Villager (Male) |
| 12:08 | Crear | Villager (Male) |
| 12:21 | Edad | Edad Feudal |
| 12:26 | Construir | Palisade Gate |
| 12:58 | Construir | Barracks |
| 13:01 | Crear | Villager (Male) |
| 13:04 | Investigar | Double-Bit Axe |
| 13:18 | Construir | Gate |
| 13:24 | Construir | Stone Wall |
| 13:28 | Construir | Gate |
| 13:33 | Construir | Gate |
| 13:50 | Construir | Mining Camp |
| 13:59 | Crear | Villager (Male) |
| 13:59 | Crear | Villager (Male) |
| 14:01 | Investigar | Gold Mining |
| 14:06 | Crear | Villager (Male) |
| 14:41 | Construir | Stone Wall |
| 15:16 | Construir | Blacksmith |
| 15:29 | Construir | Market |
| 15:58 | Construir | Mining Camp |
| 16:34 | Investigar | Castle Age |
| 16:35 | Investigar | Castle Age |
| 16:59 | Construir | Watch Tower |
| 17:09 | Construir | Stone Wall |
| 17:11 | Construir | Stone Wall |
| 17:43 | Investigar | Horse Collar |
| 17:52 | Construir | Stone Wall |
| 19:14 | Edad | Edad de los Castillos |
| 19:47 | Investigar | Stone Mining |
| 19:51 | Crear | Villager (Male) |
| 19:51 | Crear | Villager (Male) |
| 19:51 | Crear | Villager (Male) |
| 20:03 | Construir | Town Center |
| 20:22 | Construir | Mining Camp |
| 20:36 | Crear | Villager (Male) ×2 |
| 20:43 | Construir | Farm |
| 20:43 | Construir | Farm |
| 20:43 | Construir | Farm |
| 20:43 | Construir | Farm |
| 21:13 | Construir | Farm |
| 21:13 | Construir | Farm |
| 21:13 | Construir | Farm |
| 22:04 | Construir | Farm |
| 22:04 | Construir | Farm |
| 22:17 | Crear | Villager (Male) |
| 22:17 | Crear | Villager (Male) |
| 22:54 | Construir | Barracks |
| 23:10 | Crear | Villager (Male) |
| 23:10 | Crear | Villager (Male) |
| 23:26 | Construir | Farm |
| 23:26 | Construir | Farm |
| 23:26 | Construir | Farm |
| 23:31 | Crear | Villager (Male) |
| 23:32 | Crear | Villager (Male) |
| 23:32 | Crear | Villager (Male) |
| 23:41 | Crear | Villager (Male) |
| 23:41 | Crear | Villager (Male) |
| 23:51 | Construir | Farm |
| 23:51 | Construir | Farm |
| 24:20 | Crear | Villager (Male) ×3 |
| 24:36 | Construir | Archery Range |
| 24:59 | Construir | Town Center |
| 25:14 | Investigar | Bow Saw |
| 25:15 | Investigar | Fletching |
| 25:21 | Crear | Villager (Male) |
| 25:44 | Crear | Villager (Male) |
| 25:44 | Crear | Villager (Male) |
| 25:44 | Crear | Villager (Male) |
| 26:13 | Investigar | Crossbowman (upgrade) |
| 26:17 | Crear | Archer ×5 |
| 26:18 | Crear | Archer ×5 |
| 26:54 | Construir | Archery Range |
| 27:02 | Investigar | Wheelbarrow |
| 27:10 | Crear | Villager (Male) |
| 27:10 | Crear | Villager (Male) |
| 27:39 | Construir | Castle |
| 27:45 | Crear | Villager (Male) |
| 27:45 | Crear | Villager (Male) |
| 27:48 | Construir | Farm |
| 27:49 | Construir | Farm |
| 27:49 | Construir | Farm |
| 27:49 | Construir | Farm |
| 27:54 | Crear | Villager (Male) |
| 28:06 | Crear | Archer ×5 |
| 28:07 | Crear | Archer ×5 |
| 28:07 | Crear | Archer ×2 |
| 28:07 | Crear | Archer ×2 |
| 28:08 | Crear | Archer |
| 28:22 | Crear | Villager (Male) |
| 28:23 | Crear | Villager (Male) |
| 28:34 | Investigar | Bodkin Arrow |
| 29:10 | Investigar | Squires |
| 29:19 | Construir | Barracks |
| 29:21 | Construir | Barracks |
| 29:29 | Construir | Gate |
| 29:32 | Crear | Villager (Male) |
| 29:35 | Crear | Villager (Male) |
| 29:35 | Crear | Villager (Male) |
| 29:48 | Construir | Stone Wall |
Cronología de la partida
| 2:15 | Ñorda · wall_segment Palisade Wall x10 |
| 4:23 | wzd27 · wall_segment Palisade Wall x1 |
| 4:32 | wzd27 · wall_segment Palisade Wall x5 |
| 5:39 | Ladrillo · wall_segment Palisade Wall x10 |
| 5:56 | twohandboy · wall_segment Palisade Wall x4 |
| 7:06 | Ladrillo · wall_segment Palisade Wall x5 |
| 7:42 | Gunna · wall_segment Palisade Wall x8 |
| 8:34 | wzd27 · first_building Barracks |
| 9:14 | Ladrillo · wall_segment Palisade Wall x3 |
| 9:16 | Ladrillo · wall_segment Palisade Wall x6 |
| 9:31 | Ladrillo · wall_segment Palisade Wall x1 |
| 9:53 | Ladrillo · age_up feudal |
| 10:24 | Gunna · age_up feudal |
| 10:31 | Gunna · first_building Barracks |
| 10:55 | beck0662 · age_up feudal |
| 11:00 | Ñorda · age_up feudal |
| 11:32 | 為了你我養了整座馬場 · first_building Barracks |
| 11:47 | Ñorda · first_building Barracks |
| 12:01 | twohandboy · first_building Barracks |
| 12:19 | Gunna · first_building Archery Range |
| 12:21 | twohandboy · age_up feudal |
| 13:09 | Baby Jesus · age_up feudal |
| 13:14 | 為了你我養了整座馬場 · age_up feudal |
| 13:24 | twohandboy · wall_segment Stone Wall x1 |
| 13:35 | Ladrillo · first_market_sell 100 wood |
| 13:45 | Ñorda · wall_segment Stone Wall x10 |
| 13:58 | Ñorda · first_building Stable |
| 14:01 | beck0662 · first_building Barracks |
| 14:13 | 為了你我養了整座馬場 · wall_segment Stone Wall x3 |
| 14:36 | wzd27 · age_up feudal |
| 14:41 | twohandboy · wall_segment Stone Wall x6 |
| 14:51 | beck0662 · first_building Stable |
| 14:52 | Baby Jesus · wall_segment Stone Wall x12 |
| 15:07 | wzd27 · first_building Archery Range |
| 15:17 | wzd27 · wall_segment Stone Wall x6 |
| 15:22 | wzd27 · wall_segment Stone Wall x9 |
| 16:30 | Ladrillo · age_up castle |
| 17:04 | Ladrillo · first_market_buy 100 wood |
| 17:09 | twohandboy · wall_segment Stone Wall x1 |
| 17:10 | Baby Jesus · age_up castle |
| 17:11 | twohandboy · wall_segment Stone Wall x1 |
| 17:52 | twohandboy · wall_segment Stone Wall x1 |
| 17:59 | Gunna · wall_segment Palisade Wall x1 |
| 18:04 | Gunna · wall_segment Palisade Wall x1 |
| 18:14 | beck0662 · age_up castle |
| 18:22 | beck0662 · first_building Siege Workshop |
| 19:00 | Ladrillo · first_building Barracks |
| 19:14 | twohandboy · age_up castle |
| 19:25 | Baby Jesus · first_building Monastery |
| 19:54 | beck0662 · wall_segment Stone Wall x17 |
| 21:23 | Gunna · wall_segment Stone Wall x1 |
| 21:42 | 為了你我養了整座馬場 · first_building Stable |
| 22:50 | wzd27 · wall_segment Stone Wall x7 |
| 22:53 | wzd27 · wall_segment Stone Wall x9 |
| 23:02 | Gunna · wall_segment Palisade Wall x3 |
| 23:15 | Gunna · wall_segment Palisade Wall x1 |
| 23:31 | Gunna · wall_segment Palisade Wall x1 |
| 23:39 | wzd27 · age_up castle |
| 24:08 | twohandboy · first_market_buy 100 wood |
| 24:10 | wzd27 · first_building Castle |
| 24:32 | Gunna · first_market_buy 100 food |
| 24:36 | twohandboy · first_building Archery Range |
| 24:52 | Gunna · wall_segment Stone Wall x8 |
| 24:58 | 為了你我養了整座馬場 · age_up castle |
| 25:02 | Baby Jesus · first_building Castle |
| 25:11 | Ñorda · age_up castle |
| 25:15 | 為了你我養了整座馬場 · first_building Castle |
| 25:35 | wzd27 · wall_segment Stone Wall x10 |
| 25:52 | beck0662 · first_building Monastery |
| 25:54 | Ladrillo · first_building Castle |
| 26:06 | Ladrillo · first_building Monastery |
| 26:47 | Gunna · wall_segment Stone Wall x5 |
| 26:53 | Gunna · wall_segment Stone Wall x14 |
| 27:21 | Gunna · age_up castle |
| 27:23 | Gunna · first_building Siege Workshop |
| 27:32 | 為了你我養了整座馬場 · first_market_buy 100 stone |
| 27:39 | twohandboy · first_building Castle |
| 28:04 | Gunna · first_building Castle |
| 29:43 | 為了你我養了整座馬場 · first_market_sell 500 wood |
| 29:48 | twohandboy · wall_segment Stone Wall x5 |
| 31:03 | Baby Jesus · first_building Barracks |
| 31:06 | twohandboy · wall_segment Stone Wall x1 |
| 32:20 | twohandboy · wall_segment Stone Wall x1 |
| 32:22 | twohandboy · wall_segment Stone Wall x1 |
| 32:25 | 為了你我養了整座馬場 · wall_segment Stone Wall x9 |
| 33:03 | 為了你我養了整座馬場 · wall_segment Stone Wall x7 |
| 33:05 | Ladrillo · age_up imperial |
| 33:10 | Ñorda · first_market_sell 100 food |
| 33:28 | Ñorda · first_building Monastery |
| 33:29 | 為了你我養了整座馬場 · wall_segment Stone Wall x10 |
| 34:22 | Baby Jesus · age_up imperial |
| 35:27 | twohandboy · wall_segment Stone Wall x15 |
| 36:47 | Ñorda · first_building Castle |
| 36:48 | twohandboy · tribute_sent a jugador 1 |
| 36:48 | twohandboy · tribute_sent a jugador 2 |
| 36:48 | twohandboy · tribute_sent a jugador 3 |
| 36:48 | twohandboy · tribute_sent a jugador 4 |
| 36:48 | twohandboy · tribute_sent a jugador 5 |
| 36:48 | twohandboy · tribute_sent a jugador 6 |
| 36:48 | twohandboy · tribute_sent a jugador 7 |
| 36:58 | beck0662 · first_building Castle |
| 37:22 | Gunna · first_building Monastery |
| 37:59 | beck0662 · first_building Archery Range |
| 38:02 | Ñorda · age_up imperial |
| 38:25 | Baby Jesus · first_building Siege Workshop |
| 39:32 | 為了你我養了整座馬場 · resign |
| 39:33 | wzd27 · first_building Siege Workshop |
[ ANÁLISIS IA · 1 CRÉDITO ]
¿Qué pasó realmente en esta partida?
Wolo.gg analiza cada decisión: build order, eco, micro, errores típicos por bracket. Análisis personalizado por WhatsApp o Discord en 30 segundos.
Guía civ
Mongoles
Perfil
Jugador #27522